 Dungeon Sprint DCSS version 0.27-a0-394-g49c82dfaf2 (webtiles) character file.

Game seed: 3151315588610283121

151 mhtbhm the Covered (level 5, -2/78 HPs)
             Began as a Minotaur Fighter on Feb 20, 2021.
             Was a Believer of Trog.
             Slain by a water moccasin (6 damage)
             ... in the Dungeon (Sprint VII: "The Pits").
             The game lasted 00:00:41 (590 turns).

mhtbhm the Covered (Minotaur Fighter)                Turns: 590, Time: 00:00:41

Health: -2/78      AC:  8    Str: 21    XL:     5   Next: 11%
Magic:  4/4        EV:  9    Int:  5    God:    Trog [**....]
Gold:   0          SH: 10    Dex: 10    Spells: 4/4 levels left

rFire    . . .     SeeInvis .   a - +2 hand axe
rCold    . . .     Faith    .   c - +0 kite shield
rNeg     . . .     Spirit   .   b - +0 scale mail
rPois    .         Reflect  .   (helmet restricted)
rElec    .         Harm     .   (no cloak)
rCorr    .         Rampage  .   (no gloves)
Will     .....     NoTele   +   (no boots)
Stlth    ..........             (no amulet)
HPRegen  0.23/turn              (no ring)
MPRegen  0.09/turn              (no ring)

@: berserking (expiring), lethally poisoned (-2 -> -14), very quick
A: retaliatory headbutt, horns 2
a: Renounce Religion, Berserk, Trog's Hand


You were in the Dungeon.
You worshipped Trog.
Trog was pleased with you.
You visited 1 branch

Inventory:

Hand Weapons
 a - a +2 hand axe (weapon)
Armour
 b - a +0 scale mail (worn)
 c - a +0 kite shield (worn)
Scrolls
 j - a scroll of blinking
 l - a scroll of summoning
Potions
 d - a potion of might
 e - a potion of curing
 f - a potion of heal wounds
 g - a potion of haste
 h - 4 potions of magic
 i - 3 potions of berserk rage
 k - 2 potions of invisibility


   Skills:
 + Level 7.3 Fighting
 + Level 4.6 Axes
 + Level 7.8 Armour
 + Level 2.3 Dodging
 + Level 0.5 Stealth
 + Level 7.1 Shields


You had 4 spell levels left.
You didn't know any spells.
Your spell library was empty.

Dungeon Overview and Level Annotations

Branches:
Dungeon (1/1)

Altars:
Cheibriados
Dithmenos
Elyvilon
Fedhas
Gozag
Hepliaklqana
Makhleb
Nemelex Xobeh
Okawaru
Qazlal
Ru
Sif Muna
Trog
Vehumet
Wu Jian
Xom
Yredelemnul
Zin
The Shining One
Beogh
Jiyva
Lugonu


Innate Abilities, Weirdness & Mutations

You reflexively headbutt those who attack you in melee.
You have a pair of horns on your head.


Message History

The bat closely misses you.
The water moccasin bites you but does no damage.
You miss the water moccasin.
The water moccasin is severely wounded.
You closely miss the bat. The bat hits you.
* * * LOW HITPOINT WARNING * * *
The water moccasin bites you.
* * * LOW HITPOINT WARNING * * *
You are poisoned.
The water moccasin poisons you!
You hit the water moccasin.
The water moccasin is almost dead.
You feel sick. The bat barely misses you.
The water moccasin bites you but does no damage.
The bat hits you but does no damage.
You closely miss the water moccasin.
Your headbutt misses the water moccasin.
The water moccasin is almost dead.
You completely miss the bat.
You feel sick. The bat hits you but does no damage.
The water moccasin bites you but does no damage. x2
Unknown command.
You closely miss the water moccasin.
The water moccasin is almost dead.
You slash the bat!
You kill the bat!
Trog accepts your kill.
The water moccasin bites you but does no damage.
You completely miss the water moccasin.
The water moccasin is almost dead.
You feel sick. The water moccasin bites you.
* * * LOW HITPOINT WARNING * * *
You are lethally poisoned!
The water moccasin poisons you!
You closely miss the water moccasin.
Your headbutt misses the water moccasin.
The water moccasin is almost dead.
* * * LOW HITPOINT WARNING * * *
You feel sick. The water moccasin bites you.
You die...

#...........'.........
#+#####'#####......#..
#..#†.# #.........
#..÷..# ####'#####
#..#### #.......#
#..#..# #.......#
#..#..# #.......#
##'#S.#+###...<...#
#..@.....##.......#
#........##.......#
###########.......#
#########


You could see a water moccasin.

Vanquished Creatures
  A floating eye (D)
  A worker ant (D)
  2 adders (D)
  An ufetubus (D)
  A leopard gecko (D)
  A bat (D)
  A quokka (D)
  A ball python zombie (D)
9 creatures vanquished.

Notes
Turn   | Place    | Note
-------+----------+-------------------------------------------
     0 | D        | mhtbhm the Minotaur Fighter began the quest for the Orb.
     0 | D        | Reached XP level 1. HP: 19/19 MP: 0/0
    17 | D        | Reached XP level 2. HP: 9/28 MP: 1/1
    24 | D        | Found a bloodstained altar of Trog.
    24 | D        | Found a shimmering blue altar of Sif Muna.
    24 | D        | Found a viscous altar of Jiyva.
    24 | D        | Found a hazy altar of Hepliaklqana.
    24 | D        | Found an opulent altar of Gozag.
    25 | D        | Found a glowing golden altar of the Shining One.
    25 | D        | Found a glowing silver altar of Zin.
    25 | D        | Found a basalt altar of Yredelemnul.
    25 | D        | Found a shimmering altar of Xom.
    25 | D        | Found an ornate altar of the Wu Jian Council.
    25 | D        | Found a sacrificial altar of Ru.
    25 | D        | Found a stormy altar of Qazlal.
    25 | D        | Found an iron altar of Okawaru.
    25 | D        | Found a sparkling altar of Nemelex Xobeh.
    25 | D        | Found a burning altar of Makhleb.
    25 | D        | Found a blossoming altar of Fedhas.
    25 | D        | Found a white marble altar of Elyvilon.
    25 | D        | Found a shadowy altar of Dithmenos.
    25 | D        | Found a snail-covered altar of Cheibriados.
    27 | D        | Found a radiant altar of Vehumet.
    27 | D        | Found a corrupted altar of Lugonu.
    27 | D        | Found a roughly hewn altar of Beogh.
    29 | D        | Became a worshipper of Trog the Wrathful
   273 | D        | Reached * piety under Trog
   274 | D        | Reached skill level 5 in Fighting
   274 | D        | Reached skill level 5 in Armour
   274 | D        | Reached skill level 5 in Shields
   274 | D        | Reached XP level 3. HP: 19/37 MP: 2/2
   569 | D        | Noticed a floating eye
   571 | D        | Noticed a water moccasin
   573 | D        | Paralysed by a floating eye for 3 turns
   577 | D        | Killed a floating eye
   577 | D        | Reached ** piety under Trog
   578 | D        | Reached XP level 4. HP: 14/47 MP: 3/3
   578 | D        | Reached XP level 5. HP: 15/52 MP: 4/4
   590 | D        | Slain by a water moccasin

Illustrated notes

Levels and vault maps discovered:
D:        pitsprint [storerooms_1, entrance_room_1, metal_vault_4, armoury_2,
          mini_pit_1, grid_room_1, main_hall_1, silver_pit, the_coven_1,
          the_vestibule_1, steel_vault_3, golden_pit, hallway_of_sentries,
          crystal_vault_2, iron_vault_3, final_vault]

Skill      XL: |  1  2  3 |
---------------+----------+-----
Fighting       | 4 5 7 |  7.3
Armour         | 4 5 7 |  7.8
Shields        | 4 5 7 |  7.1
Axes           | 3 4 |  4.6
Dodging        | 2 |  2.3
Stealth        | |  0.5

Action                   |  1- 3 |  4- 6 || total
-------------------------+-------+-------++-------
Melee: War axe           |     7 |       ||     7
       Hand axe          |    23 |    12 ||    35
       Headbutt          |     2 |       ||     2
Invok: Berserk           |       |     1 ||     1
Armor: Scale mail        |    17 |    12 ||    29
Dodge: Dodged            |    15 |     5 ||    20
Block: Kite shield       |    25 |     6 ||    31

Table legend: (Time is in decaauts)
 A = Elapsed time spent in this place.
 B = Non-inter-level travel time spent in this place.
 C = Inter-level travel time spent in this place.
 D = Time resting spent in this place.
 E = Time spent auto-exploring this place.
 F = Levels seen in this place.
 G = Mean time per level.
                   A        B        C        D        E       F      G
               +--------+--------+--------+--------+--------+-----+--------+
         Total |    600 |    600 |      0 |    475 |      0 |   1 |  600.0 |
       Dungeon |    600 |    600 |      0 |    475 |      0 |   1 |  600.0 |
               +--------+--------+--------+--------+--------+-----+--------+

Top non-repeatable levels by time:
       D: 600 daAuts
